 Dungeon Crawl Stone Soup version 0.31-a0-174-g85c54bcb58 (webtiles) character file.

Game seed: 13922826563074363717

176 qw the Shooter (level 5, -5/32 HPs)
             Began as a Gargoyle Hunter on June 15, 2023.
             Killed by divine providence
             ... invoked by an orc priest
              (16 damage)
             ... on level 3 of the Dungeon.
             The game lasted 00:00:58 (2557 turns).

qw the Shooter (Gargoyle Hunter)                    Turns: 2557, Time: 00:00:58

Health: -5/32      AC: 11    Str: 15    XL:     5   Next: 56%
Magic:  5/5        EV: 11    Int:  7    God:
Gold:   241        SH:  0    Dex: 15    Spells: 4/4 levels left

rFire   . . .        Y - +1 shortbow
rCold   x . .        (shield currently unavailable)
rNeg    + . .        l - +0 ring mail
rPois   inf          (no helmet)
rElec   +            h - +0 cloak
rCorr   .            (no gloves)
SInv    .            d - +0 pair of boots
Will    .....        (no amulet)
Stlth   +            (no ring)
HPRegen 0.25/turn    (no ring)
MPRegen 0.09/turn

%: no passive effects
@: no status effects
A: sickness immunity, AC +4, negative energy resistance 1, electricity
resistance, torment resistance 1, petrification resistance, dopey 1, cold
vulnerability 1
a: no special abilities


You were on level 3 of the Dungeon.
You visited 1 branch of the dungeon, and saw 3 of its levels.

You collected 241 gold pieces.


Innate Abilities, Weirdness & Mutations

You are immune to sickness and miasma.
Your stone body is resilient. (AC +4)
You are immune to poison.
You resist negative energy. (rN+)
You are resistant to electric shocks. (rElec)
You are resistant to unholy torment.
You are immune to petrification.
You are dopey. (Int -2)
You are vulnerable to cold. (rC-)


   Skills:
 + Level 3.0 Fighting
 - Level 6.0 Ranged Weapons
 - Level 2.0 Armour
 - Level 1.5 Dodging
 - Level 1.1 Stealth


You had 4 spell levels left.
You didn't know any spells.
Your spell library was empty.

Inventory:

Hand Weapons
 Y - a +1 shortbow (weapon)
Armour
 d - a +0 pair of boots (worn)
 h - a +0 cloak (worn)
 j - a +0 helmet
 l - a +0 ring mail (worn)
Jewellery
 e - a +4 ring of protection
Scrolls
 a - a scroll of identify {unknown}
Potions
 b - a potion of might {unknown}
 c - a potion of brilliance {unknown}
 f - a potion of enlightenment {unknown}
 g - 2 potions of curing {unknown}

Dungeon Overview and Level Annotations

Branches:
Dungeon (3/15)

Altars:
Cheibriados
Sif Muna


Message History

The orc priest shouts!
The arrow hits the orc priest.
The orc priest is heavily wounded.
The orc priest closely misses you.
You shoot an arrow. The arrow hits the orc priest.
The orc priest is severely wounded.
You shoot an arrow. The arrow closely misses the orc.
The arrow barely misses the orc priest.
The arrow hits the frilled lizard!
You kill the frilled lizard!
The orc priest calls upon Beogh to heal the orc priest.
The orc priest is healed somewhat.
You shoot an arrow. The arrow closely misses the orc.
You shoot an arrow. The arrow hits the orc.
The orc is lightly wounded.
The orc hits you but does no damage.
The orc priest calls upon Beogh to heal the orc.
The orc's wounds heal themselves!
The orc barely misses you.
The orc priest hits you from afar with a +0 trident.
You shoot an arrow. The arrow barely misses the orc.
The orc closely misses you.
The orc priest calls down the wrath of Beogh upon you.
Beogh smites you!
You shoot an arrow. The arrow hits the orc!
You kill the orc!
The orc priest hits you but does no damage.
Your Ranged Weapons skill increases to level 6!
You shoot an arrow.
The arrow hits the orc priest but does no damage.
The orc priest is heavily wounded.
The orc priest barely misses you.
You shoot an arrow. The arrow hits the orc priest!
The orc priest is almost dead.
The orc priest calls down the wrath of Beogh upon you.
Beogh smites you!
You shoot an arrow.
The arrow completely misses the orc priest.
The orc priest calls down the wrath of Beogh upon you.
Beogh smites you!
Ouch! That really hurt!
You die...

..###########....#####
.........# #.....#
.........# #.....# .
.........# #.....# ..
.........# #.....# ...
.........# #.....#
.... ~~~......#
#.....#.....
~~~~##...# #.....o.#
~%~~_#.(.# ##..@)#..#
~~~~##...# #...$......
~~~......# #..........
.........# #..........
.######### ###........
...# #........ ...#
######### ...# .###


You could see an orc priest.

Vanquished Creatures
  A hound (D:3)
  An orc priest (D:3)
  3 gnolls (D:3)
  2 adders
  2 dart slugs
  4 orcs (D:3)
  3 ball pythons
  3 endoplasms
  2 giant cockroaches
  7 goblins
  4 hobgoblins
  7 jackals
  3 kobolds
  3 quokkas (D:2)
  5 bats
  2 frilled lizards
  4 rats
  A spectral hobgoblin (D:1)
57 creatures vanquished.

Notes
Turn   | Place    | Note
-------+----------+-------------------------------------------
     0 | D:1      | qw the Gargoyle Hunter began the quest for the Orb.
     0 | D:1      | Reached XP level 1. HP: 12/12 MP: 1/1
     0 | D:1      | 0 ||| qw: Version: 0.2-a-29-g511e9b1
     0 | D:1      | 0 ||| qw: Game counter: 5559
     0 | D:1      | 0 ||| qw: Always use a shield: true
     0 | D:1      | 0 ||| qw: God list: Okawaru
     0 | D:1      | 0 ||| qw: Allow faded altars: false
     0 | D:1      | 0 ||| qw: Do Orc after D:15 true
     0 | D:1      | 0 ||| qw: Do second Lair branch before Depths: true
     0 | D:1      | 0 ||| qw: Lair rune preference: random
     0 | D:1      | 0 ||| qw: Plans: Normal, Zot:1-4, Slime:5, God:TSO, Crypt,
                  | Tomb, Abyss, Pan, Hells, Win
     0 | D:1      | 0 ||| PLANNING D:1-11
   159 | D:1      | Reached XP level 2. HP: 17/17 MP: 2/2
   206 | D:1      | 206 ||| Stepping ~*~*~tactically~*~*~ (water).
   208 | D:1      | Found a faded altar of an unknown god.
   213 | D:1      | 213 ||| Stepping ~*~*~tactically~*~*~ (water).
   946 | D:1      | 946 ||| UPGRADING to +0 pair of boots.
   951 | D:1      | 951 ||| READING 2 scrolls labelled ZUHOEM NYIDI.
   952 | D:1      | 952 ||| READING scroll labelled DAECVA CAOR.
   953 | D:1      | 953 ||| DROPPING scroll of immolation.
   954 | D:1      | 954 ||| DROPPING scroll of butterflies.
  1000 | D:2      | Reached skill level 5 in Ranged Weapons
  1000 | D:2      | Reached XP level 3. HP: 21/21 MP: 3/3
  1487 | D:2      | Reached skill level 3 in Fighting
  1755 | D:2      | 1755 ||| UPGRADING to +0 cloak.
  1760 | D:2      | 1760 ||| UPGRADING to +0 ring mail.
  1770 | D:2      | 1770 ||| DROPPING +0 leather armour.
  1771 | D:2      | 1771 ||| READING 2 scrolls labelled HECAOSAN TOVUU.
  1772 | D:2      | 1772 ||| READING scroll labelled GOUTTI QACKA.
  1773 | D:2      | 1773 ||| READING 2 scrolls labelled KOESAD FEIF.
  1778 | D:2      | 1778 ||| READING scroll labelled YPITEX YLEQU.
  1779 | D:2      | 1779 ||| READING scroll labelled COAKOH KUNO.
  1780 | D:2      | 1780 ||| DRINKING 2 metallic amethyst potions.
  1780 | D:2      | Gained mutation: You occasionally lose the ability to drink
                  | potions when taking damage. [potion of mutation]
  1780 | D:2      | Gained mutation: Your spells are a little harder to cast,
                  | but a little more powerful. [potion of mutation]
  1781 | D:2      | 1781 ||| DRINKING potion of mutation.
  1781 | D:2      | Lost mutation: You occasionally lose the ability to drink
                  | potions when taking damage. [potion of mutation]
  1781 | D:2      | Lost mutation: Your spells are a little harder to cast, but
                  | a little more powerful. [potion of mutation]
  1781 | D:2      | Gained mutation: You are vulnerable to cold. (rC-) [potion
                  | of mutation]
  1781 | D:2      | Gained mutation: You are dopey. (Int -2) [potion of
                  | mutation]
  1782 | D:2      | 1782 ||| DROPPING scroll of revelation.
  1846 | D:3      | Reached XP level 4. HP: 25/28 MP: 4/4
  1967 | D:3      | Reached XP level 5. HP: 15/32 MP: 5/5
  2144 | D:3      | Found a shimmering blue altar of Sif Muna.
  2156 | D:3      | Found a snail-covered altar of Cheibriados.
  2360 | D:3      | 2360 ||| FLEEEEING.
  2361 | D:3      | 2361 ||| FLEEEEING.
  2362 | D:3      | 2362 ||| FLEEEEING.
  2363 | D:3      | 2363 ||| FLEEEEING.
  2363 | D:3      | HP: 3/32 [orc priest/divine providence (14)]
  2364 | D:3      | 2364 ||| FLEEEEING.
  2365 | D:3      | 2365 ||| FLEEEEING.
  2366 | D:3      | 2366 ||| FLEEEEING.
  2367 | D:3      | 2367 ||| FLEEEEING.
  2368 | D:3      | 2368 ||| FLEEEEING.
  2369 | D:3      | 2369 ||| FLEEEEING.
  2370 | D:3      | 2370 ||| FLEEEEING.
  2371 | D:3      | 2371 ||| FLEEEEING.
  2372 | D:3      | 2372 ||| FLEEEEING.
  2373 | D:3      | 2373 ||| FLEEEEING.
  2374 | D:3      | 2374 ||| FLEEEEING.
  2375 | D:3      | 2375 ||| FLEEEEING.
  2376 | D:3      | 2376 ||| FLEEEEING.
  2377 | D:3      | 2377 ||| FLEEEEING.
  2378 | D:3      | 2378 ||| FLEEEEING.
  2379 | D:3      | 2379 ||| FLEEEEING.
  2380 | D:3      | 2380 ||| FLEEEEING.
  2381 | D:3      | 2381 ||| FLEEEEING.
  2382 | D:3      | 2382 ||| FLEEEEING.
  2383 | D:3      | 2383 ||| FLEEEEING.
  2384 | D:3      | 2384 ||| FLEEEEING.
  2385 | D:3      | 2385 ||| FLEEEEING.
  2392 | D:3      | HP: 8/32 [orc priest/nerve-wracking pain (3)]
  2393 | D:3      | 2393 ||| READING scroll of teleportation.
  2555 | D:3      | Reached skill level 6 in Ranged Weapons
  2557 | D:3      | Killed from afar by an orc priest

Levels and vault maps discovered:
D:1:      giann_horns, layout_basic, dreamdust_ecumenical_altar_drowned_temple,
          serial_forest, infiniplex_forest_straight_5,
          infiniplex_forest_lined_1, infiniplex_forest_clump_medium,
          infiniplex_forest_lined_2, infiniplex_forest_lined_ring,
          infiniplex_forest_split, infiniplex_forest_end_2
D:2:      layout_basic, item_on_display_a
D:3:      layout_basic, kennysheep_slug_shrine, led_sif_pool

Skill      XL: |  1  2  3  4  5 |
---------------+----------------+-----
Ranged Weapons | 5 6 |  6.0
Fighting       | 3 |  3.0
Armour         | 2 |  2.0
Dodging        | |  1.5
Stealth        | |  1.1

Action                     |  1- 3 |  4- 6 || total
---------------------------+-------+-------++-------
   Fire: Shortbow          |    92 |    98 ||   190
    Use: Scroll            |     7 |     1 ||     8
         Potion            |     2 |       ||     2
 Armour: Leather armour    |     8 |       ||     8
         Ring mail         |     4 |    22 ||    26
  Dodge: Dodged            |    15 |    28 ||    43

Table legend:
 A = Non-vault XP
 B = Vault XP
 C = Vault XP percentage of total XP
 D = Non-vault monster count
 E = Vault monster count
 F = Vault count percentage of total count
                 A         B        C        D         E       F
            +---------+---------+-------+---------+---------+-------
      Total |     247 |       5 |   2.0 |      55 |       2 |   3.5
            +---------+---------+-------+---------+---------+-------
        D:1 |      23 |       1 |   4.2 |      14 |       1 |   6.7
        D:2 |      49 |       0 |   0.0 |      19 |       0 |   0.0
        D:3 |     175 |       4 |   2.2 |      22 |       1 |   4.3
            +---------+---------+-------+---------+---------+-------
